 Dungeon Crawl Stone Soup version 0.20-a0-1063-gb8e8b7e (webtiles) character file.

24 Deemzul the Skirmisher (level 3, 0/26 HPs)
             Began as an Octopode Berserker on Apr 28, 2017.
             Was a Believer of Trog.
             Slain by a kobold
             ... wielding a +0 short sword
              (7 damage)
             ... on level 1 of the Dungeon.
             The game lasted 00:00:32 (315 turns).

Deemzul the Skirmisher (Octopode Berserker)          Turns: 315, Time: 00:00:32

Health: 0/26       AC:  1    Str: 16    XL:     3   Next: 2%
Magic:  3/3        EV: 14    Int:  9    God:    Trog [**....]
Gold:   34         SH:  0    Dex: 12    Spells: 2/2 levels left

rFire    . . .     SeeInvis .   a - +0 falchion
rCold    . . .     Gourm    .   (no shield)
rNeg     . . .     Faith    .   (helmet restricted)
rPois    .         Spirit   .   (no amulet)
rElec    .         Reflect  .   e - ring of teleportation (curse)
rCorr    .         Harm     .   (no ring)
MR       .....     Rnd*Tele +   (no ring)
Stlth    +++.......             (no ring)
Regen    0.1/turn               (no ring)
MPRegen  0.1/turn               (no ring)
                                (no ring)
                                (no ring)

@: slowed, very slow
A: almost no armour, stealthy swim, amphibious, 8 rings, constrict 8, camouflage
1, gelatinous body 1
a: Berserk, Trog's Hand, Burn Spellbooks, Renounce Religion


You were on level 1 of the Dungeon.
You worshipped Trog.
Trog was pleased with you.
You were not hungry.

You visited 1 branch of the dungeon, and saw 1 of its levels.

You collected 34 gold pieces.

Inventory:

Hand Weapons
 a - a +0 falchion (weapon)
Jewellery
 e - a cursed ring of teleportation (left tentacle)
Scrolls
 c - a scroll of identify {unknown}
Potions
 f - a potion of curing {unknown}
 h - a potion of ambrosia {unknown}
Comestibles
 b - a bread ration
 d - 4 fruits
 g - a royal jelly
 i - a chunk of flesh


   Skills:
 + Level 3.4 Fighting
 * Level 3.1 Long Blades
 + Level 3.2 Dodging
 * Level 2.0 Stealth


You had 2 spell levels left.
You didn't know any spells.

Dungeon Overview and Level Annotations

Branches:
Dungeon (1/15)

Altars:


Innate Abilities, Weirdness & Mutations

You cannot wear most types of armour.
You are very stealthy in the water. (Stealth+)
You are amphibious.
You can wear up to eight rings at the same time.
You can use your tentacles to constrict eight enemies at once.
Your skin changes colour to match your surroundings (Stealth+).
Your rubbery body absorbs attacks. (AC +1, EV +1)


Message History

i - a chunk of flesh You start resting.
A kobold comes into view.
A kobold is nearby!
A kobold comes into view. It is wielding a short sword.
You strike the helpless kobold from behind!
You slash the kobold!
You kill the kobold!
Trog accepts your kill.
You can now call upon Trog for regeneration and protection from hostile enchantments.
You have reached level 3!
Your experience leads to an increase in your attributes!
Increase (S)trength, (I)ntelligence, or (D)exterity?
You feel agile. The kobold hits you with a short sword.
The kobold closely misses you.
You hit the kobold but do no damage. Your grab misses the kobold.
The kobold hits you with a short sword.
* * * LOW HITPOINT WARNING * * *
The kobold hits you with a short sword!
You die...

.. #............
....########............
........................
.............#####......
..$..........# #......
...........(.#####......
..........%......'......
.............#####......
......K@..†..# #.......
........†....# #.......
.###...####### #.......
#.#. #......[ ...#.
#....... ### #. #.....[.
#. #....... #. #.......


You could see a kobold.

Vanquished Creatures
  A giant cockroach (D:1)
  5 goblins (D:1)
  2 hobgoblins (D:1)
  4 jackals (D:1)
  A bat (D:1)
  3 frilled lizards (D:1)
  2 kobolds (D:1)
  4 rats (D:1)
22 creatures vanquished.

Notes
Turn   | Place    | Note
-------+----------+-------------------------------------------
     0 | D:1      | Deemzul the Octopode Berserker began the quest for the Orb.
     0 | D:1      | Reached XP level 1. HP: 16/16 MP: 1/1
   103 | D:1      | Reached skill level 1 in Stealth
   103 | D:1      | Reached XP level 2. HP: 21/21 MP: 2/2
   312 | D:1      | Reached ** piety under Trog
   312 | D:1      | Reached XP level 3. HP: 17/26 MP: 3/3
   315 | D:1      | Slain by a kobold

Vault maps used:
D:1:      dpeg_arrival_refuge

Skill      XL: |  1  2 |
---------------+-------+-----
Stealth        | 1 2 |  2.0
Fighting       | |  3.4
Long Blades    | |  3.1
Dodging        | |  3.2

Action                   || total
-------------------------++-------
Melee: Falchion          ||    26
       Constrict         ||    10
       Tentacles         ||     7
Invok: Berserk           ||     1
 Stab: Sleeping          ||     4
       Distracted        ||     1
Dodge: Dodged            ||    19
       Rpst.: Falchion   ||     4
